 Dungeon Crawl Stone Soup version 0.31-a0-1009-g454b1f1e0a (webtiles) character file.

Game seed: 17800820595383622995

129 CrazyBamboolord the Trooper (level 5, -4/34 HPs)
             Began as a Gargoyle Fighter on Nov 15, 2023.
             Slain by an ogre
             ... wielding a +0 giant club
              (11 damage)
             ... on level 3 of the Dungeon.
             The game lasted 00:03:52 (2169 turns).

CrazyBamboolord the Trooper (Gargoyle Fighter)      Turns: 2169, Time: 00:03:52

Health: -4/34      AC: 11    Str: 21    XL:     5   Next: 12%
Magic:  5/5        EV:  9    Int:  9    God:
Gold:   133        SH:  4    Dex:  9    Spells: 4/4 levels left

rFire   . . .        a - +0 flail
rCold   . . .        c - +0 buckler
rNeg    + . .        b - +0 scale mail
rPois   ∞            (no helmet)
rElec   +            (no cloak)
rCorr   .            (no gloves)
SInv    .            (no boots)
Will    .....        (no amulet) Stlth
                     (no ring)
HPRegen 0.25/turn    (no ring)
MPRegen 0.09/turn

%: no passive effects
@: no status effects
A: sickness immunity, AC +4, negative energy resistance 1, electricity
resistance, torment resistance 1, petrification resistance
a: no special abilities


You were on level 3 of the Dungeon.
You visited 1 branch of the dungeon, and saw 4 of its levels.

You collected 133 gold pieces.

Inventory:

Hand Weapons
 a - a +0 flail (weapon)
Armour
 b - a +0 scale mail (worn)
 c - a +0 buckler (worn)
Jewellery
 l - an amulet of faith
Wands
 p - a wand of charming (4)
Scrolls
 e - a scroll of enchant weapon
 f - a scroll of blinking {unknown}
 g - a scroll of teleportation {unknown}
 n - a scroll of vulnerability {unknown}
Potions
 d - a potion of might
 h - a potion of enlightenment
 i - a potion of curing
 j - a potion of lignification {unknown}
 k - a potion of ambrosia {unknown}
 m - a potion of degeneration {unknown}
 o - a potion of cancellation {unknown}


   Skills:
 * Level 4.4 Fighting
 * Level 3.1 Maces & Flails
 * Level 4.2 Armour
 + Level 3.8 Shields


You had 4 spell levels left.
You didn't know any spells.
Your spell library contained the following spells:

 Spells                   Type           Power      Damage    Failure   Level
 Slow                     Hex            0%         N/A       78%         1
 Confusing Touch          Hex            0%         N/A       98%         3
 Ignite Poison            Fire/Tmut/Pois 0%         N/A       98%         3
 Sigil of Binding         Hex            0%         N/A       98%         3
 Vampiric Draining        Necr           0%         2d6       98%         3
 Freezing Cloud           Conj/Ice/Air   0%         6-21      100%        5
 Cigotuvi's Dreadful Rot  Necr/Pois/Air  Unusable   N/A       N/A         2

Dungeon Overview and Level Annotations

Branches:
Dungeon (4/15)
 Temple: D:4-7

Altars:
Cheibriados

Annotations:
D:4 Robin


Innate Abilities, Weirdness & Mutations

You are immune to sickness and miasma.
Your stone body is resilient. (AC +4)
You are immune to poison.
You resist negative energy. (rN+)
You are resistant to electric shocks. (rElec)
You are resistant to unholy torment.
You are immune to petrification.


Message History

You kill the goblin!
The hobgoblin hits you but does no damage.
You barely miss the hobgoblin. The hobgoblin closely misses you.
You hit the hobgoblin.
The hobgoblin is almost dead.
The hobgoblin misses you.
The hobgoblin hits you but does no damage.
You sock the hobgoblin!
You kill the hobgoblin!
You start resting.
HP restored.
You climb downwards.
Level annotation: Robin The goblin hits you but does no damage.
The goblin shoots a sling bullet.
The sling bullet hits you but does no damage.
The goblin hits you but does no damage.
There is a stone staircase leading up here.
Unknown command.
The goblin shoots a sling bullet.
The sling bullet hits you but does no damage.
The goblin hits you but does no damage. The ogre closely misses you.
You climb upwards.
There is a stone staircase leading down here.
You completely miss the ogre. The goblin closely misses you.
You hit the ogre.
The ogre is lightly wounded.
You block the ogre's attack. The goblin hits you but does no damage.
You hit the ogre.
The ogre is moderately wounded.
The ogre barely misses you. The goblin hits you but does no damage.
You hit the ogre.
The ogre is heavily wounded.
The goblin hits you but does no damage.
The ogre hits you with a +0 giant club!!
Ouch! That really hurt!
* * * LOW HITPOINT WARNING * * *
You block the goblin's attack.
You closely miss the ogre.
The ogre is heavily wounded.
The ogre hits you with a +0 giant club!
You die...

#....#.#... #.####.....
#.#........ ########
#.#.#####.. #......#
#...#####.#
#......##########....#
#...............#.####
#...))................
#####...)@O########...#.##
#.......)g.# ###.#.##
#......##.## #.#...
#......##.# #.####
#......##)# ####.#..#
#......##.###### #....#<.#
#########......# #.#.###.#
######.# ###'###'# #.#
#..#.[...


You could see an ogre and a goblin.

Vanquished Creatures
  4 adders
  2 worms (D:2)
  2 dart slugs
  3 orcs (D:3)
  6 bats
  4 endoplasms
  6 giant cockroaches
  12 goblins
  8 hobgoblins
  7 jackals (D:1)
  5 kobolds
  2 quokkas
  4 ball pythons
  3 frilled lizards
  2 rats
70 creatures vanquished.

Vanquished Creatures (others)
  A goblin (D:4)
1 creature vanquished.

Grand Total: 71 creatures vanquished

Notes
Turn   | Place    | Note
-------+----------+-------------------------------------------
     0 | D:1      | CrazyBamboolord the Gargoyle Fighter began the quest for
                  | the Orb.
     0 | D:1      | Reached XP level 1. HP: 14/14 MP: 1/1
   162 | D:1      | Reached XP level 2. HP: 17/19 MP: 2/2
   280 | D:1      | Reached XP level 3. HP: 24/24 MP: 3/3
  1080 | D:2      | Reached XP level 4. HP: 28/29 MP: 4/4
  1499 | D:3      | Found a snail-covered altar of Cheibriados.
  1802 | D:3      | Reached XP level 5. HP: 34/34 MP: 5/5
  2098 | D:4      | Noticed Robin
  2098 | D:4      | Noticed an ogre
  2169 | D:3      | Slain by an ogre

Illustrated notes

Levels and vault maps discovered:
D:1:      roderic_octagonal_star, layout_basic
D:2:      layout_basic, st_stairs_9, hangedman_abyss_or_decor_stabs
D:3:      layout_basic, mainiacjoe_overflow_24_doors
D:4:      layout_cave_pools, uniq_robin

Skill      XL: |  1  2  3  4 |
---------------+-------------+-----
Fighting       | 4 |  4.4
Armour         | 4 |  4.2
Maces & Flails | 3 |  3.1
Shields        | |  3.8

Action                     |  1- 3 |  4- 6 || total
---------------------------+-------+-------++-------
  Melee: Flail             |   130 |   103 ||   233
    Use: Scroll            |       |     3 ||     3
 Armour: Scale mail        |    88 |    87 ||   175
  Dodge: Dodged            |    67 |    70 ||   137
  Block: Buckler           |    29 |    41 ||    70

Table legend: (Time is in decaauts)
 A = Elapsed time spent in this place.
 B = Non-inter-level travel time spent in this place.
 C = Inter-level travel time spent in this place.
 D = Time resting spent in this place.
 E = Time spent auto-exploring this place.
 F = Levels seen in this place.
 G = Mean time per level.
                   A        B        C        D        E       F      G
               +--------+--------+--------+--------+--------+-----+--------+
         Total |   2242 |   2181 |     61 |     17 |   1676 |   4 |  560.5 |
       Dungeon |   2242 |   2181 |     61 |     17 |   1676 |   4 |  560.5 |
               +--------+--------+--------+--------+--------+-----+--------+

Top non-repeatable levels by time:
     D:1: 901 daAuts
     D:3: 701 daAuts
     D:2: 625 daAuts
     D:4: 13 daAuts
